 Dungeon Crawl Stone Soup version 0.25.1-2-g60ff931df9 (webtiles) character file.

Game seed: 1371751250666227854

215376 gruber the Luminary of Lethal Lore (level 19, 0/148 HPs)
             Began as a Gnoll Skald on Oct 8, 2020.
             Was the Champion of Vehumet.
             Killed from afar by a tengu reaver (19 damage)
             ... with a bolt of magma
             ... on level 1 of the Vaults.
             The game lasted 00:55:01 (30311 turns).

gruber the Luminary of Lethal Lore (Gnoll Skald)   Turns: 30311, Time: 00:55:02

Health: 0/148      AC: 18    Str: 16 (17) XL:     19   Next: 2%
Magic:  35/35      EV: 18    Int: 32 (33) God:    Vehumet [******]
Gold:   873        SH: 14    Dex: 18 (19) Spells: 21/43 levels left

rFire    + + .     SeeInvis +   b - +9 spear "Xyuwui" {vamp, +Blink +Inv rC+ MR+}
rCold    + . .     Gourm    .   w - +1 kite shield {rPois}
rNeg     + + .     Faith    .   o - +0 scale mail of the Undertaker {rF+ rN++ Str+2 Dex+4}
rPois    +         Spirit   .   I - +2 helmet "Fuckita" {Int+5}
rElec    +         Reflect  .   R - +0 cloak {MR+}
rCorr    .         Harm     .   z - +1 pair of gloves
MR       +++..                  s - +0 pair of boots
Stlth    ++++......             h - amulet of regeneration
HPRegen  0.74/turn              L - ring of see invisible
MPRegen  0.24/turn              Y - ring of Xom's Flight of Fancy {+Inv rElec rF+ Int+6}

@: about to teleport, singing, very slightly contaminated
A: distributed training, fangs 1, strong nose
}: 1/15 runes: gossamer
a: Renounce Religion, Evoke Blink, Evoke Invisibility


You were on level 1 of the Vaults.
You worshipped Vehumet.
Vehumet was exalted by your worship.
You were not hungry.

You visited 6 branches of the dungeon, and saw 29 of its levels.
You visited 1 bazaar.
You also visited: Ice Cave.

You collected 2792 gold pieces.
You spent 1919 gold pieces at shops.

Inventory:

Hand Weapons
 b - the +9 spear "Xyuwui" (weapon) {vamp, +Blink +Inv rC+ MR+}
   (You took it off a vampire on level 10 of the Dungeon)

   It inflicts no extra harm, but heals its wielder when it wounds a living foe.
   It protects you from cold.
   It affects your resistance to hostile enchantments.
   It lets you turn invisible.
   It lets you blink.
Armour
 n - a scarf of resistance
 o - the +0 scale mail of the Undertaker (worn) {rF+ rN++ Str+2 Dex+4}
   (You found it on level 14 of the Dungeon)

   It affects your strength (+2).
   It affects your dexterity (+4).
   It protects you from fire.
   It greatly protects you from negative energy.
 s - a +0 pair of boots (worn)
 w - a +1 kite shield of poison resistance (worn)
 z - a +1 pair of gloves (worn)
 I - the +2 helmet "Fuckita" (worn) {Int+5}
   (You acquired it in a bazaar)

   It affects your intelligence (+5).
 R - a +0 cloak of magic resistance (worn)
 T - the +2 kite shield of Day {*Slow rF+ MR+ rCorr Str+2}
   (You found it on level 3 of the Spider Nest)

   It affects your strength (+2).
   It protects you from fire.
   It affects your resistance to hostile enchantments.
   It provides partial protection from all sources of acid and corrosion.
   It may slow you when you take damage.
Jewellery
 h - an amulet of regeneration (around neck)
 k - a +6 ring of strength
 L - a ring of see invisible (left hand)
 V - an uncursed ring of protection from cold
 Y - the ring of Xom's Flight of Fancy (right hand) {+Inv rElec rF+ Int+6}
   (You found it in an ice cave)

   [ring of intelligence]

   It affects your intelligence (+6).
   It protects you from fire.
   It insulates you from electricity.
   It lets you turn invisible.
Wands
 a - a wand of iceblast (10)
 r - a wand of polymorph (17)
 t - a wand of flame (51)
 F - a wand of paralysis (18)
 G - a wand of digging (13)
 K - a wand of disintegration (46)
 P - a wand of clouds (2)
Scrolls
 c - 7 scrolls of fog {unknown}
 e - 5 scrolls of fear {unknown}
 f - 4 scrolls of random uselessness {unknown}
 g - 17 scrolls of remove curse
 i - 9 scrolls of amnesia {unknown}
 l - 4 scrolls of magic mapping {unknown}
 u - 7 scrolls of teleportation
 v - 3 scrolls of enchant weapon {unknown}
 y - 2 scrolls of silence {unknown}
 B - 2 scrolls of immolation {unknown}
 E - a scroll of holy word {unknown}
 M - a scroll of torment {unknown}
 Q - 2 scrolls of noise {unknown}
 S - a scroll of vulnerability
 U - a scroll of summoning {unknown}
 X - 2 scrolls of blinking
 Z - 5 scrolls of identify
Potions
 j - 22 potions of curing
 m - 7 potions of might
 p - 5 potions of invisibility
 q - 5 potions of heal wounds
 x - 3 potions of berserk rage
 A - a potion of stabbing
 D - 7 potions of haste
 H - a potion of magic
 J - 2 potions of cancellation
 N - 5 potions of ambrosia
 O - 2 potions of flight
 W - 2 potions of brilliance
Comestibles
 d - 50 rations
 C - 6 chunks of flesh


   Skills:
 + Level 12.7 Fighting
 + Level 12.0 Short Blades
 + Level 12.0 Long Blades
 + Level 12.0 Axes
 + Level 12.0 Maces & Flails
 + Level 12.7 Polearms
 + Level 12.0 Staves
 + Level 12.0 Slings
 + Level 12.0 Bows
 + Level 12.0 Crossbows
 + Level 12.0 Throwing
 + Level 12.2 Armour
 + Level 12.7 Dodging
 + Level 12.0 Stealth
 + Level 12.0 Shields
 + Level 12.0 Unarmed Combat
 + Level 12.8 Spellcasting
 + Level 10.3 Conjurations
 + Level 10.3 Hexes
 + Level 11.5 Charms
 + Level 10.3 Summonings
 + Level 10.3 Necromancy
 + Level 10.3 Translocations
 + Level 10.3 Transmutations
 + Level 10.3 Fire Magic
 + Level 10.3 Ice Magic
 + Level 10.3 Air Magic
 + Level 10.3 Earth Magic
 + Level 10.3 Poison Magic
 + Level 12.9 Invocations
 + Level 12.0 Evocations


You had 21 spell levels left.
You knew the following spells:

 Your Spells              Type           Power        Failure   Level  Hunger
a - Infusion              Chrm           ####         1%          1    None
b - Song of Slaying       Chrm           #######.     1%          2    None
c - Shroud of Golubria    Chrm/Tloc      ######       1%          2    None
d - Spectral Weapon       Hex/Chrm       ######..     1%          3    None
e - Mephitic Cloud        Conj/Pois/Air  ######..     1%          3    None
f - Blink                 Tloc           N/A          1%          2    None
g - Freezing Cloud        Conj/Ice/Air   ######....   5%          6    ####...
h - Frozen Ramparts       Ice            ######       1%          3    None

Your spell library contained the following spells:

 Spells                   Type           Power        Failure   Level  Hunger
 Ignition                 Fire           ######....   88%         8    #######
 Fire Storm               Conj/Fire      ######....   100%        9    #######
 Shatter                  Erth           ######....   100%        9    #######
 Animate Skeleton         Necr           N/A          1%          1    None
 Apportation              Tloc           ######       1%          1    None
 Beastly Appendage        Tmut           ######       1%          1    None
 Corona                   Hex            ######.      1%          1    None
 Freeze                   Ice            ####         1%          1    None
 Magic Dart               Conj           ####         1%          1    None
 Shock                    Conj/Air       ####         1%          1    None
 Summon Small Mammal      Summ           ####         1%          1    None
 Call Imp                 Summ           ######..     1%          2    None
 Passwall                 Tmut/Erth      ######..     1%          2    None
 Slow                     Hex            ######..     1%          2    None
 Sticks to Snakes         Tmut           ######..     1%          2    None
 Swiftness                Chrm/Air       ######..     1%          2    None
 Call Canine Familiar     Summ           ######..     1%          3    None
 Conjure Flame            Conj/Fire      ######..     1%          3    None
 Inner Flame              Hex/Fire       ######..     1%          3    None
 Ozocubu's Armour         Chrm/Ice       ######..     1%          3    None
 Portal Projectile        Hex/Tloc       ######       1%          3    None
 Spider Form              Tmut/Pois      ######....   1%          3    None
 Static Discharge         Conj/Air       ######..     1%          3    None
 Summon Guardian Golem    Hex/Summ       ######..     1%          3    None
 Airstrike                Air            ######....   1%          4    None
 Cause Fear               Hex            ######....   1%          4    None
 Hailstorm                Conj/Ice       ######..     1%          4    None
 Ice Form                 Ice/Tmut       ######..     1%          4    None
 Leda's Liquefaction      Hex/Erth       ######....   1%          4    None
 Passage of Golubria      Tloc           N/A          1%          4    None
 Summon Ice Beast         Ice/Summ       ######..     1%          4    None
 Summon Lightning Spire   Summ/Air       ######..     1%          4    None
 Irradiate                Conj/Tmut      ######....   1%          5    None
 Iskenderun's Battlesphe  Conj/Chrm      ######..     1%          5    None
 Lee's Rapid Deconstruct  Erth           ######....   1%          5    None
 Lightning Bolt           Conj/Air       ######....   1%          5    None
 Yara's Violent Unravell  Hex/Tmut       ######....   1%          5    None
 Blade Hands              Tmut           ######....   3%          5    None
 Metabolic Englaciation   Hex/Ice        ######....   3%          5    None
 Silence                  Hex/Air        ######....   3%          5    None
 Ozocubu's Refrigeration  Ice            ######....   5%          6    ####...
 Darkness                 Hex            ######....   21%         6    ####...
 Hydra Form               Tmut           ######....   21%         6    ####...
 Invisibility             Hex            ######..     21%         6    ####...
 Simulacrum               Ice/Necr       ######....   21%         6    ####...
 Statue Form              Tmut/Erth      ######...    21%         6    ####...
 Dragon Form              Tmut           ######....   73%         7    #####..
 Discord                  Hex            ######....   100%        8    #######


Dungeon Overview and Level Annotations

Branches:
Dungeon (15/15)            Temple (1/1) D:4            Lair (6/6) D:9
 Shoals (0/4) Lair:4       Spider (4/4) Lair:4        Slime (0/5) Lair:6
    Orc (2/2) D:9             Elf (0/3) Orc:2        Vaults (1/5) D:14
 Depths (0/5) D:15          IceCv (visited)

Altars:
Ashenzari
Cheibriados
Dithmenos
Elyvilon
Fedhas
Gozag
Hepliaklqana
Kikubaaqudgha
Makhleb
Nemelex Xobeh
Okawaru
Qazlal
Ru
Sif Muna
Trog
Uskayaw
Vehumet
Wu Jian
Xom
Yredelemnul
Zin
The Shining One
Jiyva

Shops:
D:4 (   D:8 }   D:14 !?!*=   Orc:1 *   Orc:2 !%(}   Vaults:1 [

Annotations:
D:14 1 runed translucent door
Lair:1 3 runed translucent doors, MajorAdolf's ghost, journeyman NaWn
Lair:2 exclusion: 3 oklob plants


Innate Abilities, Weirdness & Mutations

Your experience applies equally to all skills.
You have very sharp teeth.
Your uncanny sense of smell can sniff out nearby items.


Message History

The yaktaur captain is engulfed in freezing vapours.
The tengu reaver gestures at you while chanting.
The fireball explodes!
The fireball engulfs you! You resist.
* * * LOW HITPOINT WARNING * * *
Unknown command.
Unknown command.
As you read the scroll of teleportation, it crumbles to dust.
You feel strangely unstable.
The yaktaur is engulfed in freezing vapours.
The tengu reaver points at you and mumbles some strange words.
The bolt of magma misses you.
The yaktaur is engulfed in freezing vapours.
Unknown command.
Unknown command.
The yaktaur is engulfed in freezing vapours.
You kill the yaktaur!
Vehumet accepts your kill. The tengu reaver casts a spell at you.
The bolt of magma hits you!! You partially resist.
You die...

#.....# ##...## ##
## ##'#######. .#
#.......# .#.
#.......# ...
#.......###.## #
#.......##/([# .##
#.......######...#
#.......@.(Q*c§# ∆
##############§§.#
#!))# .## ##.## #
... .#. #. .# ##
##


You could see a tengu reaver, a yaktaur captain and a battlesphere.

Vanquished Creatures
  Gastronok (Orc:1)
  A tengu reaver (Vaults:1)
  Agnes (D:14)
  A vault warden (Vaults:1)
  A frost giant (IceCv)
  A fire giant (D:15)
  2 ghost moths
  3 emperor scorpions (Spider:4)
  An ironheart preserver (Vaults:1)
  A stone giant (Vaults:1)
  6 entropy weavers
  Nessos (Orc:2)
  Azrael (D:14)
  2 spark wasps (Spider:4)
  A fire dragon (Lair:6)
  A yaktaur captain (Vaults:1)
  Erolcha (D:11)
  5 hydras
  A rakshasa (Vaults:1)
  An ogre mage (D:12)
  7 two-headed ogres
  A queen ant (Spider:2)
  A centaur warrior (D:14)
  2 dancing weapons (D:14)
  2 tengu warriors
  12 death yaks
  5 orc high priests (Orc:2)
  Nergalle (D:10)
  A deep elf knight (Vaults:1)
  4 skeletal warriors (D:14)
  A wizard (D:15)
  3 unseen horrors
  A flayed ghost (Vaults:1)
  An ironbrand convoker (Vaults:1)
  A swamp dragon (Lair:6)
  3 lindwurms
  6 orc knights
  2 orc sorcerers
  2 deep elf magi
  A wolf spider zombie (D:14)
  28 orb spiders
  2 ugly things
  37 wolf spiders
  4 cyclopes
  2 manticores
  A moth of wrath (Spider:4)
  An ice statue (IceCv)
  6 elephants (Lair:3)
  A vault sentinel (Vaults:1)
  4 centaur zombies
  A torpor snail (Spider:3)
  A guardian serpent (Lair:6)
  14 black mambas
  4 gargoyles
  2 centaur skeletons
  16 spiny frogs
  A yaktaur (Vaults:1)
  Maggie (D:10)
  14 demonic crawlers
  A kobold demonologist (D:12)
  11 komodo dragons
  4 rime drakes
  An efreet (D:15)
  3 tengu conjurers
  7 trolls
  20 polar bears
  3 meliai (Spider:3)
  Grinder (D:2)
  28 jumping spiders
  14 hornets
  4 dream sheep (Lair:4)
  11 hippogriffs
  10 blink frogs
  5 slime creatures (D:12)
  31 tarantellas
  53 redbacks
  3 shadows
  A spriggan (D:10)
  15 wyverns
  2 vampires
  A wraith (Vaults:1)
  45 yaks
  3 fire elementals (D:14)
  A steam dragon (Lair:6)
  5 hungry ghosts
  2 basilisks
  2 wargs
  3 vampire mosquitoes (D:14)
  22 water moccasins
  25 soldier ants (Spider:2)
  4 acid dragons
  2 hell hounds (D:14)
  6 ice beasts
  8 porcupines
  2 sky beasts
  3 swamp drakes (Lair:6)
  A meliai simulacrum (D:14)
  An eye of draining (D:10)
  36 orc warriors
  18 ogres
  25 wolves
  8 centaurs
  29 crocodiles
  3 big kobolds
  14 bullfrogs
  A wyvern skeleton (D:8)
  6 scorpions
  17 killer bees
  A troll zombie (D:9)
  5 wights
  5 howler monkeys
  An electric eel (Lair:5)
  7 crimson imps
  A lava snake (D:14)
  2 quasits
  40 orc priests
  8 hounds
  3 jellies
  3 bullfrog skeletons
  A gnoll shaman (D:5)
  22 orc wizards
  27 worker ants
  5 iguanas
  A bullfrog simulacrum (D:12)
  7 ogre zombies (D:9)
  A hound zombie (D:7)
  A howler monkey zombie (D:8)
  3 gnolls (D:4)
  12 adders
  11 shadow imps
  3 oozes
  2 adder skeletons
  5 worms
  A dart slug (D:1)
  7 leopard geckos
  101 orcs
  8 bats
  7 giant cockroaches
  10 goblins
  6 hobgoblins
  14 jackals
  24 kobolds
  5 quokkas
  A ball python (D:3)
  4 frilled lizards
  3 goblin skeletons (D:9)
  3 goblin zombies (D:9)
  5 hobgoblin skeletons (D:9)
  A hobgoblin zombie (D:9)
  4 orc skeletons (D:9)
  9 orc zombies (D:9)
  6 rats
  5 plants (Lair:6)
  3 spectral weapons
1155 creatures vanquished.

Vanquished Creatures (others)
  A centaur skeleton (D:14)
  A troll (D:15)
  A bush (Lair:6)
  6 fungi
  18 plants
  22 spectral weapons
49 creatures vanquished.

Grand Total: 1204 creatures vanquished

Notes
Turn   | Place    | Note
-------+----------+-------------------------------------------
     0 | D:1      | gruber the Gnoll Skald began the quest for the Orb.
     0 | D:1      | Reached XP level 1. HP: 20/20 MP: 6/6
    91 | D:1      | Reached XP level 2. HP: 25/26 MP: 7/7
   100 | D:1      | Learned a level 2 spell: Song of Slaying
   103 | D:1      | Learned a level 2 spell: Shroud of Golubria
   401 | D:1      | Reached XP level 3. HP: 31/31 MP: 9/9
   495 | D:1      | Reached skill level 5 in Spellcasting
   716 | D:2      | Reached skill level 1 in Invocations
   849 | D:2      | Learned a level 3 spell: Spectral Weapon
   989 | D:2      | Found a stormy altar of Qazlal.
  1148 | D:2      | Reached skill level 1 in Short Blades
  1148 | D:2      | Reached skill level 1 in Long Blades
  1148 | D:2      | Reached skill level 1 in Axes
  1148 | D:2      | Reached skill level 1 in Maces & Flails
  1148 | D:2      | Reached skill level 1 in Staves
  1148 | D:2      | Reached skill level 1 in Slings
  1148 | D:2      | Reached skill level 1 in Bows
  1148 | D:2      | Reached skill level 1 in Crossbows
  1148 | D:2      | Reached skill level 1 in Throwing
  1148 | D:2      | Reached skill level 1 in Stealth
  1148 | D:2      | Reached skill level 1 in Shields
  1148 | D:2      | Reached skill level 1 in Unarmed Combat
  1148 | D:2      | Reached skill level 1 in Evocations
  1178 | D:2      | Reached XP level 4. HP: 31/38 MP: 11/11
  1440 | D:3      | Noticed Grinder
  1480 | D:3      | Found a sacrificial altar of Ru.
  1494 | D:2      | Paralysed by Grinder for 7 turns
  1512 | D:2      | Killed Grinder
  1512 | D:2      | Reached skill level 1 in Conjurations
  1512 | D:2      | Reached skill level 1 in Hexes
  1512 | D:2      | Reached skill level 1 in Summonings
  1512 | D:2      | Reached skill level 1 in Necromancy
  1512 | D:2      | Reached skill level 1 in Translocations
  1512 | D:2      | Reached skill level 1 in Transmutations
  1512 | D:2      | Reached skill level 1 in Fire Magic
  1512 | D:2      | Reached skill level 1 in Ice Magic
  1512 | D:2      | Reached skill level 1 in Air Magic
  1512 | D:2      | Reached skill level 1 in Earth Magic
  1512 | D:2      | Reached skill level 1 in Poison Magic
  1512 | D:2      | Reached XP level 5. HP: 20/43 MP: 2/12
  1512 | D:2      | Reached XP level 6. HP: 23/50 MP: 2/13
  1904 | D:3      | Reached skill level 5 in Fighting
  1904 | D:3      | Reached skill level 5 in Polearms
  1904 | D:3      | Reached skill level 5 in Dodging
  2251 | D:3      | Found a sparkling altar of Nemelex Xobeh.
  2267 | D:3      | Found a bloodstained altar of Trog.
  2370 | D:4      | Found a staircase to the Ecumenical Temple.
  2380 | D:4      | Found a basalt altar of Yredelemnul.
  2381 | D:4      | Found a glowing golden altar of the Shining One.
  2381 | D:4      | Found a shimmering altar of Xom.
  2388 | Temple   | Entered the Ecumenical Temple
  2576 | Temple   | Became a worshipper of Vehumet
  2648 | D:4      | Found a hide-covered altar of Uskayaw.
  2671 | D:4      | Noticed a +0 dagger
  2671 | D:4      | Noticed a +0 dagger
  2717 | D:4      | Found Ohoebrow's Weapon Shop.
  2865 | D:4      | Found an ornate altar of the Wu Jian Council.
  3293 | D:5      | Entered Level 5 of the Dungeon
  3347 | D:5      | Reached XP level 7. HP: 49/56 MP: 15/15
  3721 | D:5      | Noticed a wyvern
  3730 | D:5      | Killed a wyvern
  3730 | D:5      | Reached XP level 8. HP: 14/63 MP: 0/16
  4441 | D:6      | Found an iron altar of Okawaru.
  4457 | D:6      | Reached * piety under Vehumet
  4457 | D:6      | Offered knowledge of Shock by Vehumet.
  4596 | D:6      | Found a burning altar of Makhleb.
  4997 | D:7      | Reached XP level 9. HP: 63/69 MP: 18/18
  5377 | D:7      | Offered knowledge of Sandblast by Vehumet.
  5396 | D:7      | Reached ** piety under Vehumet
  5766 | D:8      | Reached skill level 5 in Armour
  6072 | D:8      | Found a shimmering blue altar of Sif Muna.
  6237 | D:8      | Found Sonlalim's Gadget Shop.
  6340 | D:8      | Found an opulent altar of Gozag.
  6381 | D:8      | Found a sacrificial altar of Ru.
  6389 | D:8      | Offered knowledge of Mephitic Cloud by Vehumet.
  6394 | D:8      | Learned a level 3 spell: Mephitic Cloud
  6414 | D:8      | Reached skill level 5 in Invocations
  6598 | D:8      | Noticed a two-headed ogre
  6605 | D:8      | Killed a two-headed ogre
  6605 | D:8      | Reached XP level 10. HP: 63/77 MP: 16/20
  6829 | D:9      | Found a hazy altar of Hepliaklqana.
  6881 | D:9      | Learned a level 2 spell: Blink
  6896 | D:9      | Reached skill level 5 in Short Blades
  6896 | D:9      | Reached skill level 5 in Long Blades
  6896 | D:9      | Reached skill level 5 in Axes
  6896 | D:9      | Reached skill level 5 in Maces & Flails
  6896 | D:9      | Reached skill level 5 in Staves
  6896 | D:9      | Reached skill level 5 in Slings
  6896 | D:9      | Reached skill level 5 in Bows
  6896 | D:9      | Reached skill level 5 in Crossbows
  6896 | D:9      | Reached skill level 5 in Throwing
  6896 | D:9      | Reached skill level 5 in Stealth
  6896 | D:9      | Reached skill level 5 in Shields
  6896 | D:9      | Reached skill level 5 in Unarmed Combat
  6896 | D:9      | Reached skill level 5 in Evocations
  6897 | D:9      | Reached *** piety under Vehumet
  6941 | D:9      | Offered knowledge of Sticky Flame by Vehumet.
  6965 | D:9      | Found a staircase to the Orcish Mines.
  7257 | D:9      | Reached **** piety under Vehumet
  7328 | D:9      | Offered knowledge of Lee's Rapid Deconstruction by Vehumet.
  7443 | D:9      | Found a staircase to the Lair.
  7741 | D:10     | Entered Level 10 of the Dungeon
  7741 | D:10     | Noticed Maggie
  7747 | D:10     | Killed Maggie
  7841 | D:10     | Identified the +9 spear "Xyuwui" {vamp, +Blink +Inv rC+
                  | MR+}
  7916 | D:10     | Noticed Nergalle
  7939 | D:10     | Killed Nergalle
  7939 | D:10     | Reached XP level 11. HP: 84/84 MP: 20/22
  8725 | D:11     | Noticed a manticore
  8736 | D:11     | Killed a manticore
  8739 | D:11     | Reached skill level 5 in Conjurations
  8739 | D:11     | Reached skill level 5 in Hexes
  8739 | D:11     | Reached skill level 5 in Summonings
  8739 | D:11     | Reached skill level 5 in Necromancy
  8739 | D:11     | Reached skill level 5 in Translocations
  8739 | D:11     | Reached skill level 5 in Transmutations
  8739 | D:11     | Reached skill level 5 in Fire Magic
  8739 | D:11     | Reached skill level 5 in Ice Magic
  8739 | D:11     | Reached skill level 5 in Air Magic
  8739 | D:11     | Reached skill level 5 in Earth Magic
  8739 | D:11     | Reached skill level 5 in Poison Magic
  8887 | D:11     | Noticed a two-headed ogre
  8897 | D:11     | Killed a two-headed ogre
  8909 | D:11     | Reached ***** piety under Vehumet
  8917 | D:11     | Offered knowledge of Freezing Cloud by Vehumet.
  9152 | D:11     | Noticed a two-headed ogre
  9158 | D:11     | Killed a two-headed ogre
  9422 | D:11     | Noticed Erolcha
  9436 | D:11     | Killed Erolcha
  9436 | D:11     | Reached XP level 12. HP: 93/93 MP: 20/24
  9463 | D:11     | Learned a level 6 spell: Freezing Cloud
  9879 | Lair:1   | Entered Level 1 of the Lair of Beasts
 10378 | Lair:1   | Found a runed translucent gate.
 10378 | Lair:1   | Found a runed translucent gate.
 10378 | Lair:1   | Found a runed translucent gate.
 10378 | Lair:1   | Noticed MajorAdolf's ghost (journeyman NaWn)
 11060 | Lair:2   | Learned a level 3 spell: Frozen Ramparts
 11957 | Lair:3   | Offered knowledge of Conjure Ball Lightning by Vehumet.
 12234 | Lair:3   | Reached XP level 13. HP: 93/101 MP: 23/26
 12629 | Lair:4   | Found a staircase to the Shoals.
 13144 | Lair:4   | Found a hole to the Spider Nest.
 14739 | Lair:6   | Entered Level 6 of the Lair of Beasts
 14884 | Lair:6   | Found a viscous altar of Jiyva.
 14884 | Lair:6   | Found a staircase to the Slime Pits.
 15099 | Lair:6   | Offered knowledge of Bolt of Magma by Vehumet.
 15118 | Lair:6   | Reached skill level 10 in Spellcasting
 15154 | Lair:6   | Reached XP level 14. HP: 103/109 MP: 22/28
 15571 | Lair:6   | Reached skill level 10 in Fighting
 15571 | Lair:6   | Reached skill level 10 in Polearms
 15571 | Lair:6   | Reached skill level 10 in Dodging
 15965 | Lair:6   | Reached skill level 10 in Invocations
 16441 | Lair:6   | Offered knowledge of Starburst by Vehumet.
 17062 | Lair:6   | Got a citrine-encrusted scale mail
 17063 | Lair:6   | Identified the cursed +1 scale mail "Latt" {+Blink Int-5
                  | SInv} (You found it on level 6 of the Lair of Beasts)
 17755 | D:12     | Reached XP level 15. HP: 117/117 MP: 25/29
 18002 | D:12     | Reached skill level 10 in Armour
 18294 | D:13     | Found a frozen archway.
 18332 | IceCv    | Entered an ice cave
 18469 | IceCv    | Offered knowledge of Fireball by Vehumet.
 18640 | IceCv    | Got a faintly glowing lapis lazuli ring
 19138 | IceCv    | Noticed a frost giant
 19147 | IceCv    | Reached skill level 10 in Charms
 19251 | IceCv    | Killed a frost giant
 19272 | IceCv    | Identified the ring of Xom's Flight of Fancy {+Inv rElec
                  | rF+ Int+6} (You found it in an ice cave)
 19291 | IceCv    | Got a flickering zirconium amulet
 19365 | D:13     | Reached skill level 10 in Short Blades
 19365 | D:13     | Reached skill level 10 in Long Blades
 19365 | D:13     | Reached skill level 10 in Axes
 19365 | D:13     | Reached skill level 10 in Maces & Flails
 19365 | D:13     | Reached skill level 10 in Staves
 19365 | D:13     | Reached skill level 10 in Slings
 19365 | D:13     | Reached skill level 10 in Bows
 19365 | D:13     | Reached skill level 10 in Crossbows
 19365 | D:13     | Reached skill level 10 in Throwing
 19365 | D:13     | Reached skill level 10 in Stealth
 19365 | D:13     | Reached skill level 10 in Shields
 19365 | D:13     | Reached skill level 10 in Unarmed Combat
 19365 | D:13     | Reached skill level 10 in Evocations
 19858 | Orc:1    | Entered Level 1 of the Orcish Mines
 20065 | Orc:1    | You fall into a shaft and drop 1 floor!
 20065 | Orc:2    | Entered Level 2 of the Orcish Mines
 20068 | Orc:2    | Offered knowledge of Spellforged Servitor by Vehumet.
 20074 | Orc:2    | Noticed Nessos
 20092 | Orc:2    | Killed Nessos
 20259 | Orc:2    | Reached ****** piety under Vehumet
 20289 | Orc:1    | Found Fyxtacea's General Store.
 20358 | Orc:1    | Noticed Gastronok
 20415 | Orc:1    | Killed Gastronok
 21151 | Orc:2    | Found a staircase to the Elven Halls.
 21425 | Orc:2    | Offered knowledge of Orb of Destruction by Vehumet.
 21510 | Orc:2    | Reached XP level 16. HP: 125/125 MP: 31/31
 21671 | Orc:2    | Found Yteith's Distillery.
 21674 | Orc:2    | Found Lyoxkib's Antique Weapon Shoppe.
 21675 | Orc:2    | Found Xutaenis's Gadget Emporium.
 21676 | Orc:2    | Found Nieleav's Food Emporium.
 21683 | Orc:2    | Bought a potion of experience for 650 gold pieces
 21683 | Orc:2    | Reached XP level 17. HP: 131/131 MP: 32/32
 21898 | Orc:2    | Identified the amulet of Giymuim {Acrobat Dex+2} (You found
                  | it in an ice cave)
 22140 | D:14     | Got an ichor-stained scale mail
 22229 | D:14     | Found Goddin's Distillery.
 22324 | D:14     | Found a gate to the Vaults.
 22338 | D:14     | Noticed Agnes
 22350 | D:14     | Killed Agnes
 22466 | D:14     | Noticed Azrael
 22488 | D:14     | Killed Azrael
 22590 | D:14     | Found a glowing golden altar of the Shining One.
 22644 | D:14     | Identified the cursed +0 scale mail of the Undertaker {rF+
                  | rN++ Str+2 Dex+4} (You found it on level 14 of the Dungeon)
 22827 | D:14     | Found Jaipt's Jewellery Boutique.
 22878 | D:14     | Found Hisaor's Distillery.
 22893 | D:14     | Found Uppak's Magic Scroll Shoppe.
 22900 | D:14     | Bought a scroll of blinking for 82 gold pieces
 22900 | D:14     | Bought a scroll of teleportation for 33 gold pieces
 22900 | D:14     | Bought a scroll of identify for 22 gold pieces
 22900 | D:14     | Bought a scroll of identify for 22 gold pieces
 22900 | D:14     | Bought a scroll of blinking for 82 gold pieces
 22900 | D:14     | Bought a scroll of teleportation for 33 gold pieces
 22900 | D:14     | Bought a scroll of enchant armour for 82 gold pieces
 22953 | D:14     | Found a runed translucent door.
 23208 | D:14     | Found Imnyschy's Assorted Antiques.
 23213 | D:14     | Bought a scroll of identify for 44 gold pieces
 23213 | D:14     | Bought a scroll of identify for 44 gold pieces
 23346 | D:15     | Entered Level 15 of the Dungeon
 23398 | D:15     | Identified the Tome of Boosts and Clay
 23515 | D:15     | Found a staircase to the Depths.
 23728 | D:15     | Found a blossoming altar of Fedhas.
 23732 | D:15     | Found a gateway to a bazaar.
 23745 | Bazaar   | Entered a bazaar
 23745 | Bazaar   | Found Ceomnaw's Gadget Shoppe.
 23745 | Bazaar   | Found Uxkenol's Antique Weapon Shoppe.
 23836 | Bazaar   | Found Keusch's Distillery.
 23836 | Bazaar   | Found Cuil's Antique Armour Emporium.
 23852 | Bazaar   | Bought a shiny kite shield for 97 gold pieces
 23855 | Bazaar   | Found Unefoel's General Store.
 23863 | Bazaar   | Bought a scroll of acquirement for 728 gold pieces
 23863 | Bazaar   | Acquired the +2 helmet "Fuckita" {Int+5}
 23991 | D:15     | Offered knowledge of Fire Storm by Vehumet.
 23991 | D:15     | Offered knowledge of Shatter by Vehumet.
 23991 | D:15     | Offered knowledge of Ignition by Vehumet.
 24635 | Spider:1 | Entered Level 1 of the Spider Nest
 26403 | Spider:2 | Reached XP level 18. HP: 140/140 MP: 34/34
 27450 | Spider:3 | Got a twisted kite shield
 27451 | Spider:3 | Identified the +2 kite shield of Day {*Slow rF+ MR+ rCorr
                  | Str+2} (You found it on level 3 of the Spider Nest)
 28292 | Spider:4 | Entered Level 4 of the Spider Nest
 28569 | Spider:4 | Reached skill level 10 in Conjurations
 28569 | Spider:4 | Reached skill level 10 in Hexes
 28569 | Spider:4 | Reached skill level 10 in Summonings
 28569 | Spider:4 | Reached skill level 10 in Necromancy
 28569 | Spider:4 | Reached skill level 10 in Translocations
 28569 | Spider:4 | Reached skill level 10 in Transmutations
 28569 | Spider:4 | Reached skill level 10 in Fire Magic
 28569 | Spider:4 | Reached skill level 10 in Ice Magic
 28569 | Spider:4 | Reached skill level 10 in Air Magic
 28569 | Spider:4 | Reached skill level 10 in Earth Magic
 28569 | Spider:4 | Reached skill level 10 in Poison Magic
 29815 | Spider:4 | Got a gossamer rune of Zot
 30136 | Vaults:1 | Entered Level 1 of the Vaults
 30191 | Vaults:1 | Found Pogihu's Armour Shoppe.
 30300 | Vaults:1 | Reached XP level 19. HP: 75/148 MP: 35/35
 30306 | Vaults:1 | HP: 5/148 [yaktaur captain/bolt (18)]
 30311 | Vaults:1 | Killed from afar by a tengu reaver

Illustrated notes

Levels and vault maps discovered:
D:1:      dpeg_arrival_pits, layout_rooms
D:2:      layout_basic, lemuel_round_altar, patterned_corridor
D:3:      layout_loops_ring, overflow_temple_1_default,
          nemelex_xobeh_ov_fountains_minmay, trog_book, uniq_grinder
D:4:      layout_cave_pods, dancing_weapons_uskayaw,
          chequers_temple_overflow_statue_of_worship,
          minmay_temple_entry_mini_moons, serial_shops, shop
D:5:      layout_loops_ring, first_ration, nzn_random_ring
D:6:      layout_rooms, lemuel_round_altar, makhleb_grotto_becter, st_stairs_11
D:7:      minmay_inner_zag, layout_cave_pools
D:8:      layout_loops_ring, grunt_gozag_breadcrumbs, lemuel_blue_sif_altar,
          serial_shops, shop, nicolae_ru_great_annihilating_truth
D:9:      layout_loops_corners, david_lair_shrubbed, zombieorc2_lemuel,
          basic_altar
D:10:     layout_gridville, the_bakery, eino_jars, uniq_nergalle, uniq_maggie
D:11:     layout_basic, chequers_jeans, grunt_ministairs_1, uniq_erolcha
D:12:     layout_roguey, minmay_pinched_square
D:13:     layout_rooms, portal_ice_cave_entry_pillars_2,
          minmay_stone_trees_small
D:14:     minmay_gate_of_8, layout_basic, erik_vaults_1, serial_shops,
          kennysheep_mini_moat, shop, kennysheep_little_box, shop, shop,
          basic_altar, nicolae_lava_and_water, minmay_fractal_squares_5,
          uniq_azrael, uniq_agnes
D:15:     grunt_enter_depths_giant_problem, layout_irregular_city, serial_shops,
          freezing_bzr, fedhas_altar_1, solitary_fountain
Temple:   jpeg_temple_island
Lair:1:   layout_cave_pods, ebering_ghost_rock_garden,
          chequers_serial_rivers_micro_d, st_stairs_10,
          chequers_serial_rivers_micro_b, grunt_megastairs_3,
          lemuel_fruit_fields, serial_bayou_shore_b
Lair:2:   layout_gridlike, chequers_serial_rivers_room_b,
          minmay_lair_oklob_chamber, lemuel_fruit_fields
Lair:3:   layout_gridlike
Lair:4:   layout_regular_city, minmay_shoals_entry_centaurs,
          nicolae_spider_entry_non_spiders, grunt_megastairs_5
Lair:5:   cheibrodos_lair_overgrown_chateau, layout_cave_pods,
          lightli_volcano_entry_magma_tube, serial_bayou_pond_a,
          serial_bayou_shore_a
Lair:6:   hangedman_lair_tendril_chambers, layout_layer_cave,
          guppyfry_lair_end_dragon, slime_altar_1, infiniplex_staircase_pool
Spider:1: layout_spider_delve
Spider:2: layout_chambers, minivault_29
Spider:3: layout_spider_delve, nicolae_orb_stairs
Spider:4: guppyfry_spider_rune
Orc:1:    layout_diamond_mine, serial_shops, shop, uniq_gastronok
Orc:2:    st_orc_pillars, layout_diamond_mine, nicolae_orc_stony_grotto,
          uniq_nessos
Vaults:1: nicolae_vaults_puzzle_piece, v_pattern_3, hangedman_vaults_unwind,
          vaults_dpeg_encased_lava, nicolae_vaults_shelves_hall,
          minmay_guarded_unrand_guard_vaults, vaults_standard_mumra_x,
          v_rooms_3, v_misc_24, nicolae_vaults_network_quincunx
          [nicolae_vaults_network_quincunx_subvault,
          nicolae_vaults_network_quincunx_subvault,
          nicolae_vaults_network_quincunx_subvault,
          nicolae_vaults_network_quincunx_subvault,
          nicolae_vaults_network_quincunx_subvault],
          nicolae_vaults_circle_grid_a, hangedman_vaults_stretched_pinwheel,
          vaults_dpeg_ring, layout_vaults_maze, serial_shops, shop

Skill      XL: |  1  2  3  4  5  6  7  8  9 10 11 12 13 14 15 16 17 18 |
---------------+-------------------------------------------------------+-----
Spellcasting   | 5 6 7 8 9 10 11 12 | 12.8
Invocations    | 1 2 3 4 5 6 7 8 9 10 11 12 | 12.9
Short Blades   | 1 2 3 4 5 6 7 8 9 10 11 12 | 12.0
Long Blades    | 1 2 3 4 5 6 7 8 9 10 11 12 | 12.0
Axes           | 1 2 3 4 5 6 7 8 9 10 11 12 | 12.0
Maces & Flails | 1 2 3 4 5 6 7 8 9 10 11 12 | 12.0
Staves         | 1 2 3 4 5 6 7 8 9 10 11 12 | 12.0
Slings         | 1 2 3 4 5 6 7 8 9 10 11 12 | 12.0
Bows           | 1 2 3 4 5 6 7 8 9 10 11 12 | 12.0
Crossbows      | 1 2 3 4 5 6 7 8 9 10 11 12 | 12.0
Throwing       | 1 2 3 4 5 6 7 8 9 10 11 12 | 12.0
Stealth        | 1 2 3 4 5 6 7 8 9 10 11 12 | 12.0
Shields        | 1 2 3 4 5 6 7 8 9 10 11 12 | 12.0
Unarmed Combat | 1 2 3 4 5 6 7 8 9 10 11 12 | 12.0
Evocations     | 1 2 3 4 5 6 7 8 9 10 11 12 | 12.0
Armour         | 3 4 5 6 7 8 9 10 11 12 | 12.2
Conjurations   | 1 2 3 4 5 6 7 8 9 10 | 10.3
Hexes          | 1 2 3 4 5 6 7 8 9 10 | 10.3
Summonings     | 1 2 3 4 5 6 7 8 9 10 | 10.3
Necromancy     | 1 2 3 4 5 6 7 8 9 10 | 10.3
Translocations | 1 2 3 4 5 6 7 8 9 10 | 10.3
Transmutations | 1 2 3 4 5 6 7 8 9 10 | 10.3
Fire Magic     | 1 2 3 4 5 6 7 8 9 10 | 10.3
Ice Magic      | 1 2 3 4 5 6 7 8 9 10 | 10.3
Air Magic      | 1 2 3 4 5 6 7 8 9 10 | 10.3
Earth Magic    | 1 2 3 4 5 6 7 8 9 10 | 10.3
Poison Magic   | 1 2 3 4 5 6 7 8 9 10 | 10.3
Fighting       | 5 6 7 8 9 10 11 12 | 12.7
Polearms       | 5 6 7 8 9 10 11 12 | 12.7
Dodging        | 5 6 7 8 9 10 11 12 | 12.7
Charms         | 6 7 8 9 10 11 | 11.5

Action                   |  1- 3 |  4- 6 |  7- 9 | 10-12 | 13-15 | 16-18 | 19-21 || total
-------------------------+-------+-------+-------+-------+-------+-------+-------++-------
Melee: Spear             |   158 |    82 |       |   440 |  1463 |  1254 |     3 ||  3400
       Bite              |    14 |     8 |    20 |    56 |   160 |   206 |       ||   464
       Punch             |     1 |     1 |       |     2 |       |       |       ||     4
       Trident           |       |    42 |    67 |       |       |       |       ||   109
       Glaive            |       |       |   196 |   136 |       |       |       ||   332
 Cast: Infusion          |     2 |     2 |     3 |    11 |    11 |     2 |       ||    31
       Spectral Weapon   |       |    12 |    31 |    54 |   109 |    79 |       ||   285
       Song of Slaying   |       |     2 |    13 |    23 |    35 |    30 |     1 ||   104
       Shroud of Golubri |       |     1 |     2 |    12 |     8 |     2 |       ||    25
       Mephitic Cloud    |       |       |     1 |       |     4 |       |       ||     5
       Frozen Ramparts   |       |       |       |       |    29 |    52 |       ||    81
       Freezing Cloud    |       |       |       |       |    17 |    33 |       ||    50
       Blink             |       |       |       |       |     5 |     2 |       ||     7
 Abil: Evoke Invisibilit |       |       |       |       |     1 |       |       ||     1
Evoke: Wand              |       |       |       |       |       |       |     1 ||     1
  Use: Scroll            |       |       |       |     1 |    16 |     8 |     2 ||    27
       Potion            |       |       |       |       |       |     1 |       ||     1
 Stab: Sleeping          |     3 |     4 |     1 |     4 |    18 |     9 |       ||    39
       Distracted        |       |     1 |     1 |     9 |    29 |    17 |       ||    57
       Paralysed         |       |       |     1 |       |       |       |       ||     1
       Invisible         |       |       |       |       |     2 |       |       ||     2
       Confused          |       |       |       |       |     3 |       |       ||     3
  Eat: Chunk             |     1 |     6 |    14 |    20 |    35 |    28 |       ||   104
       Ration            |       |       |       |       |       |     2 |       ||     2
Armor: Leather armour    |    31 |    22 |    73 |    21 |       |       |       ||   147
       Swamp dragon scal |       |       |       |    84 |   211 |    45 |       ||   340
       Scale mail        |       |       |       |       |       |   158 |     1 ||   159
Dodge: Dodged            |    93 |    56 |   195 |   262 |   542 |   429 |     3 ||  1580
Block: Buckler           |       |       |       |    81 |   340 |    50 |       ||   471
       Kite shield       |       |       |       |       |       |   418 |     2 ||   420
